Description

PvP with Stalker + Oracle + Adept harass into timing attack at 8:00

Video Game 9

VOD

https://youtu.be/6fTWBanrzlQ

Build Order

Get SALT Encoding   

  14  0:20  Pylon  Send 13th Probe to build Pylon
  16  0:38  Gateway (Chrono Boost)  Scout + Chrono Nexus (Backwards-Gate)
  17  0:46  Assimilator  fill with 2 Probes, next one into 2nd assi
  19  1:12  Assimilator  send 18th Probe to build + to build Gate
  20  1:14  Gateway  Wall
  20  1:23  Cybernetics Core  Wall
  21  1:35  Pylon  
  23  2:00  Stalker x2  2 Stalker to harass
  28  2:10  Pylon  at Natural
  28  2:25  Stargate  
  29  2:45  Nexus  
  29  2:46  Warp Gate  
  29  2:50  Adept x2  + queue up Probes -> Time to harass
  35  3:22  Oracle (Chrono Boost)  
  39  3:40  Shield Battery  + Chrono 2nd Nexus
  41  4:00  Robotics Facility, Pylon x2, Twilight Council, Forge  
  46  4:25  Action  Oracle hold pos 1st +Adepts 2nd
  44  5:05  Assimilator x2  
  46  5:10  Observer (Chrono Boost), Immortal, Protoss Ground Weapons Level 1 (Chrono Boost), Charge  
  48  5:20:05  Nexus  Start 3rd, when minerals @2nd full
  57  5:50  Gateway x6  +6 Gateways +Warpprism
  63  6:30  Templar Archives, Warp Prism  
  113  8:00  Action  Attack when 8 Probes @3rd + 2 Cycles of Warp-Ins (Zealots+Archons 8:00)
Spawning Tool Build Advisor. Get it on Overwolf

Analysis

Attack when 8 Probes @3rd + at least 2 Cycles of Warp-Ins (Zealots + Archons @8:00)

Go to:

Details

  • Created by: Rac0m
  • Published on: Jul 29, 2022
  • Modified on: Jul 30, 2022
  • Patch: 4.11.0
  • Difficulty: Medium
Show
View Real Time Build Order
Export as new Build Order

Comments (0)

There are no comments. Be the first!

Create an account to comment!